Map: World of Sleepers LE

Players

Nigrnog

  • Race: Zerg Zerg
  • League: Silver
  • Spawn Location: 1:00

MooEsqoo - Winner!

  • Race: Protoss Protoss
  • Spawn Location: 7:00

VOD

Have the link to the VOD?

Description

Time

  • Played on: Dec. 6, 2019, 12:07 p.m.
  • Length: 12:23
Show
View Real Time Build Order
Export as new Build Order

Nigrnog Zerg 

Build Orders: Hatch First 

Get SALT Encoding   

  12  0:01  Drone  
  13  0:08  Drone  
  14  0:17  Overlord  
  14  0:35  Drone x2  
  16  0:41  Drone  
  17  0:53  Hatchery  
  16  1:01  Drone x2  
  18  1:16  Spawning Pool, Drone  
  18  1:19  Extractor  
  18  1:21  Drone  
  18  1:30  Drone  
  19  1:44  Evolution Chamber  
  19  1:47  Drone  
  19  1:51  Drone  
  20  2:02  Overlord  
  20  2:06  Queen  
  20  2:08  Queen  
  22  2:10  Drone  
  26  2:15  Drone  
  26  2:24  Metabolic Boost  
  26  2:26  Drone  
  27  2:30  Drone x2  
  29  2:39  Drone  
  29  2:42  Zergling x2  
  31  2:46  Zergling x2  
  32  2:53  Zergling x2  
  33  3:00  Zergling x4  
  35  3:06  Lair  
  35  3:16  Zergling x2  
  35  3:17  Overlord x3  
  35  3:37  Drone x2  
  37  3:41  Drone x3  
  37  3:48  Spore Crawler  
  39  3:49  Spore Crawler  
  39  3:50  Drone  
  39  3:51  Drone  
  39  3:52  Hatchery  
  39  3:54  Drone  
  40  3:58  Spore Crawler  
  39  4:03  Spore Crawler  
  39  4:05  Drone  
  39  4:15  Queen  
  41  4:18  Drone x3  
  44  4:28  Infestation Pit  
  44  4:29  Drone x3  
  46  4:39  Drone x2  
  46  4:40  Drone x3  
  46  4:44  Extractor  
  50  4:47  Extractor, Zergling x8  
  53  4:56  Baneling Nest, Drone  
  53  4:57  Drone  
  54  5:05  Drone  
  55  5:11  Infestor  
  57  5:19  Zergling x4  
  59  5:32  Extractor, Hive  
  59  5:34  Zergling x16  
  66  5:35  Overlord  
  66  5:50  Overlord  
  66  5:53  Queen  
  68  6:00  Infestor  
  70  6:12  Neural Parasite  
  70  6:19  Drone x3  
  70  6:24  Burrow  
  73  6:28  Drone x6  
  79  6:37  Extractor, Drone x2  
  79  6:38  Drone  
  81  6:49  Hatchery  
  81  6:50  Drone  
  81  6:56  Extractor  
  81  6:59  Baneling x7  
  81  7:00  Baneling x7  
  81  7:01  Baneling x2  
  80  7:14  Zerg Ground Armor Level 1  
  80  7:18  Drone  
  80  7:19  Drone  
  82  7:38  Spire  
  81  7:46  Drone  
  82  7:57  Overlord x2  
  82  7:58  Overlord x2  
  82  7:59  Overlord x2  
  82  8:00  Overlord x4  
  82  8:11  Drone x6  
  88  8:14  Overlord  
  88  8:21  Infestor x3  
  94  8:28  Baneling x3  
  94  8:29  Baneling x7  
  94  8:30  Baneling x4  
  94  8:41  Spire  
  94  8:47  Drone x2  
  94  8:48  Drone x8  
  101  8:49  Drone x5  
  101  8:53  Queen  
  110  9:20  Overlord x2, Corruptor  
  110  9:21  Corruptor x4  
  120  9:24  Greater Spire  
  120  9:27  Drone  
  121  9:36  Zergling x4, Baneling x28  
  121  9:38  Zergling x12  
  128  9:59  Corruptor x3, Zergling x8  
  131  10:00  Zergling x2  
  131  10:01  Zergling x8  
  142  10:08  Pneumatized Carapace  
  142  10:18  Zerg Flyer Weapons Level 1  
  142  10:24  Zergling x4  
  142  10:25  Corruptor x2, Infestor x2  
  101  10:51  Brood Lord x3  
  101  10:54  Zergling x10  
  101  10:55  Zergling x14  
  101  10:56  Zergling x14  
  126  11:06  Corruptor x2  
  130  11:13  Zergling x6  
  130  11:14  Zergling x2  
  130  11:17  Baneling x3  
  130  11:18  Baneling x7  
  134  11:19  Baneling  
  134  11:21  Baneling  
  134  11:25  Drone x4  
  138  11:30  Mutalisk  
  140  11:35  Zergling x14  
  140  11:36  Zergling x14  
  140  11:39  Baneling x6  
  146  11:40  Baneling x2  
Show
View Real Time Build Order
Export as new Build Order

MooEsqoo Protoss - Winner!

Build Orders: 1 Gate Expand 

Get SALT Encoding   

  12  0:03  Probe  
  13  0:18  Probe  
  14  0:21  Pylon  
  14  0:32  Probe  
  15  0:40  Gateway  
  15  0:44  Probe (Chrono Boost)  
  15  0:49  Assimilator  
  16  0:56  Probe (Chrono Boost)  
  17  1:02  Probe (Chrono Boost)  
  18  1:13  Probe  
  19  1:24  Nexus  
  19  1:34  Probe  
  20  1:41  Cybernetics Core  
  20  1:46  Probe  
  21  1:53  Pylon  
  21  1:56  Assimilator  
  21  1:58  Probe  
  22  2:10  Probe  
  22  2:15  Adept (Chrono Boost)  
  23  2:22  Probe  
  26  2:28  Warp Gate  
  26  2:34  Probe  
  26  2:35  Pylon  
  27  2:37  Probe  
  28  2:46  Probe  
  28  2:49  Probe  
  28  2:50  Stalker (Chrono Boost)  
  32  3:02  Gateway  
  32  3:07  Gateway  
  32  3:15  Probe x2  
  34  3:27  Probe x2  
  34  3:29  Stalker (Chrono Boost)  
  36  3:39  Stargate  
  36  3:47  Assimilator  
  36  3:49  Assimilator  
  36  3:51  Probe x2  
  36  3:52  Pylon  
  36  3:55  Shield Battery  
  38  4:01  Robotics Facility  
  38  4:03  Probe x2  
  40  4:18  Stalker  
  40  4:19  Oracle (Chrono Boost)  
  40  4:24  Stalker  
  47  4:40  Probe  
  47  4:41  Probe  
  49  4:48  Sentry, Stalker  
  49  4:50  Stalker  
  49  4:52  Probe  
  56  4:53  Probe  
  57  5:04  Probe  
  58  5:07  Gateway  
  58  5:08  Gateway  
  58  5:11  Twilight Council  
  58  5:12  Forge  
  58  5:17  Probe x2  
  58  5:19  Pylon  
  60  5:21  Pylon  
  60  5:22  Sentry  
  60  5:23  Pylon  
  62  5:34  Warp Prism (Chrono Boost)  
  62  5:37  Probe x2  
  66  5:49  Probe x2  
  68  6:05  Pylon  
  68  6:09  Stalker x5  
  78  6:13  Void Ray  
  82  6:24  Shield Battery  
  82  6:26  Nexus  
  82  6:30  Probe x2  
  84  6:42  Stalker, Probe x2  
  84  6:43  Stalker x2  
  84  6:44  Sentry  
  94  6:55  Pylon  
  94  6:57  Pylon  
  94  7:12  Pylon  
  94  7:13  Probe x2, Phoenix  
  94  7:14  Shield Battery  
  98  7:18  Photon Cannon  
  98  7:21  Photon Cannon  
  98  7:25  Assimilator  
  98  7:28  Probe  
  98  7:29  Probe  
  100  7:30  Assimilator  
  100  7:38  Charge (Chrono Boost)  
  100  7:39  Probe  
  100  7:41  Probe x2  
  100  7:42  Stalker x3  
  100  7:43  Protoss Ground Weapons Level 1 (Chrono Boost)  
  109  7:48  Templar Archives  
  109  7:54  Observer (Chrono Boost)  
  110  8:00  Void Ray  
  114  8:07  Pylon  
  114  8:08  Pylon  
  114  8:11  Pylon  
  114  8:22  Probe x3  
  114  8:25  High Templar  
  114  8:26  High Templar x3  
  125  8:28  Stalker  
  125  8:30  Archon x2  
  125  8:34  Probe x2  
  129  8:36  Probe  
  130  8:44  Void Ray  
  130  8:46  Probe  
  135  8:50  Immortal (Chrono Boost)  
  139  9:01  High Templar x2  
  143  9:05  Zealot x2  
  143  9:07  Zealot  
  143  9:09  Archon  
  149  9:39  High Templar x2  
  149  9:40  High Templar x2  
  149  9:44  Archon x2  
  157  9:52  Pylon  
  157  9:54  Pylon  
  157  9:56  Pylon  
  157  9:58  Pylon  
  157  10:03  Gateway  
  157  10:04  Gateway  
  157  10:05  Pylon  
  157  10:07  Gateway  
  157  10:08  Pylon  
  157  10:09  Gateway  
  157  10:13  High Templar x3  
  157  10:14  High Templar, Pylon  
  165  10:15  Zealot  
  165  10:16  Pylon  
  165  10:17  Archon, Pylon  
  165  10:18  Archon  
  135  10:49  High Templar x4  
  141  10:51  Zealot  
  141  10:53  Archon x2  
  143  11:03  Zealot  
  145  11:05  Zealot x3  
  151  11:19  Zealot  
  151  11:21  Zealot x3  
  151  11:22  Zealot  
  151  11:23  Zealot  
  151  11:25  Zealot x2  
  167  11:26  Zealot  
  167  11:53  Zealot  
  167  11:54  Zealot x7  
  161  11:55  Zealot  
  165  12:17  High Templar  
  165  12:18  High Templar x4  
  165  12:19  High Templar x4  
Tags
 
Add a new tag
Caveats
  • Supply blocks, unpowered buildings, or Contaminate may cause inaccurate times.
  • Supply counts are checked every 10 seconds.